 Dungeon Crawl Stone Soup version 0.27-a0-1299-g1ab19c6527 (webtiles) character file.

Game seed: 15421688559985584791

121349 razgard the Warrior (level 16, -9/154 HPs)
             Began as a Hill Orc Monk on June 16, 2021.
             Was a High Priest of Ru.
             Mangled by a merfolk impaler (57 damage)
             ... on level 3 of the Shoals on June 17, 2021.
             The game lasted 01:49:51 (40607 turns).

razgard the Warrior (Hill Orc Monk)                Turns: 40607, Time: 01:49:51

Health: -9/154     AC: 28    Str: 27    XL:     16   Next: 84%
Magic:  14/14      EV:  9    Int: 10    God:    Ru [*****.]
Gold:   1818       SH:  0    Dex: 13    Spells: 15/15 levels left

rFire    + + .     SeeInvis .   r - +4 hand axe (vamp)
rCold    . . .     Faith    .   X - +1 kite shield {rF+}
rNeg     . . .     Spirit   .   H - +3 chain mail {rF+}
rPois    +         Reflect  +   p - +0 hat {Will+}
rElec    .         Harm     .   B - +0 cloak {rCorr}
rCorr    +         Rampage  +   c - +1 pair of gloves {archery}
Will     ++...                  G - +2 pair of boots {rampage}
Stlth    ..........             Y - amulet "Fiuckal" {Reflect rPois SH+5}
HPRegen  0.35/turn              P - +4 ring of protection
MPRegen  0.14/turn              M - +6 ring of strength

@: sleeping, very slow
A: low mp 1, screaming 1, no stealth, hated by all, inability to train dodging,
no hexes magic, no necromancy magic, no poison magic
a: Renounce Religion, Draw Out Power, Power Leap, Apocalypse


You were on level 3 of the Shoals.
You worshipped Ru.
Ru was extremely pleased with you.
You visited 4 branches of the dungeon, and saw 25 of its levels.
You visited 1 bazaar.
You also visited: Gauntlet, Ice Cave and Volcano.

You collected 3624 gold pieces.
You spent 1806 gold pieces at shops.

Inventory:

Hand Weapons
 r - a +4 vampiric hand axe (weapon)
 R - a +2 vorpal shortbow
Missiles
 q - 14 silver javelins
 s - 2 throwing nets
 D - 608 arrows
 I - 12 boomerangs of dispersal
 N - 67 boomerangs (quivered)
 O - 20 javelins
Armour
 c - a +1 pair of gloves of archery (worn)
 p - a +0 hat of willpower (worn)
 B - a +0 cloak of preservation (worn)
 G - a +2 pair of boots of rampaging (worn)
 H - a +3 chain mail of fire resistance (worn)
 X - a +1 kite shield of fire resistance (worn)
Jewellery
 h - a ring of poison resistance
 v - a +4 ring of protection
 A - a ring of fire
 M - a +6 ring of strength (right hand)
 P - a +4 ring of protection (left hand)
 W - a ring of ice
 Y - the amulet "Fiuckal" (around neck) {Reflect rPois SH+5}
   (You bought it in a shop in a bazaar)

   [amulet of reflection]

   It reflects blocked missile attacks.
   It protects you from poison.
   It affects your SH (+5).
Wands
 a - a wand of polymorph (14)
 d - a wand of charming (7)
 x - a wand of digging (14)
 F - a wand of flame (42)
Scrolls
 b - 4 scrolls of enchant armour
 g - 2 scrolls of amnesia
 j - 17 scrolls of identify
 k - a scroll of blinking
 w - a scroll of fear
 y - a scroll of magic mapping
 C - a scroll of teleportation
 J - a scroll of silence
 K - a scroll of holy word
 L - 2 scrolls of fog
 T - a scroll of enchant weapon
Potions
 e - 10 potions of attraction
 f - 2 potions of mutation
 i - 14 potions of curing
 l - 5 potions of resistance
 m - 3 potions of magic
 n - 2 potions of cancellation
 t - 3 potions of flight
 u - 4 potions of haste
 E - 2 potions of brilliance
 U - 2 potions of ambrosia
 V - 2 potions of berserk rage
 Z - 2 potions of heal wounds
Miscellaneous
 o - a lightning rod (3/4)
 Q - a tin of tremorstones (1/2)


   Skills:
 + Level 16.8 Fighting
 - Level 14.2 Axes
 + Level 9.4 Bows
 + Level 8.9 Throwing
 + Level 15.2 Armour
 + Level 13.8 Shields


You had 15 spell levels left.
You didn't know any spells.
Your spell library contained the following spells:

 Spells                   Type           Power      Damage    Failure   Level
 Beastly Appendage        Tmut           0%         N/A       83%         1
 Wereblood                Tmut           0%         N/A       93%         2
 Gell's Gravitas          Tloc           0%         N/A       99%         3
 Stone Arrow              Conj/Erth      0%         3d7       99%         3
 Ice Form                 Ice/Tmut       0%         N/A       100%        4
 Passage of Golubria      Tloc           N/A        N/A       100%        4
 Petrify                  Tmut/Erth      0%         N/A       100%        4
 Blade Hands              Tmut           0%         N/A       100%        5
 Manifold Assault         Tloc           0%         N/A       100%        5
 Dispersal                Tloc           0%         N/A       100%        6
 Dragon Form              Tmut           0%         N/A       100%        7
 Disjunction              Tloc           0%         N/A       100%        8
 Sting                    Tmut/Pois      Unusable   1d3       N/A         1
 Poisonous Vapours        Pois/Air       Unusable   N/A       N/A         2
 Confusing Touch          Hex            Unusable   N/A       N/A         3
 Ignite Poison            Fire/Tmut/Pois Unusable   N/A       N/A         3
 Mephitic Cloud           Conj/Pois/Air  Unusable   N/A       N/A         3
 Portal Projectile        Hex/Tloc       Unusable   N/A       N/A         3
 Spider Form              Tmut/Pois      Unusable   N/A       N/A         3
 Summon Guardian Golem    Hex/Summ       Unusable   N/A       N/A         3
 Fulminant Prism          Conj/Hex       Unusable   3d6       N/A         4
 Leda's Liquefaction      Hex/Erth       Unusable   N/A       N/A         4
 Olgreb's Toxic Radiance  Pois           Unusable   N/A       N/A         4
 Metabolic Englaciation   Hex/Ice        Unusable   N/A       N/A         5
 Silence                  Hex/Air        Unusable   N/A       N/A         5
 Yara's Violent Unravell  Hex/Tmut       Unusable   3d3       N/A         5

Dungeon Overview and Level Annotations

Branches:
Dungeon (14/15)            Temple (0/1) D:6            Lair (6/6) D:10
 Shoals (3/4) Lair:4       Spider (0/4) Lair:3        Slime (0/5) Lair:5
    Orc (2/2) D:12            Elf (0/3) Orc:2        Vaults (0/5) D:14
  IceCv (visited)         Volcano (visited)         Gauntlet (visited)

Altars:
Fedhas
Okawaru
Ru
Sif Muna
Trog
Lugonu

Shops:
D:4 !   D:10 ?   Orc:2 =(!

Annotations:
D:8 3 runed translucent doors, deifeln's ghost, novice MiBe
D:9 2 transporters
Lair:4 1 runed translucent door, Goemiynn's ghost, journeyman OgTm
Lair:5 exclusion: 3 oklob plants
Lair:6 2 transporters, freelancePsychic's ghost, journeyman DsAr
Shoals:1 2 transporters, freelancePsychic's ghost, adept GrFE
Shoals:2 Polyphemus


Innate Abilities, Weirdness & Mutations

Your magical capacity is low. (-10% MP)
You occasionally shout uncontrollably at your foes.
You cannot be stealthy.
You are hated by all.
You cannot train Dodging skill.
You cannot study or cast Hexes magic.
You cannot study or cast Necromancy magic.
You cannot study or cast Poison magic.


Message History

The iceblast engulfs the dream sheep!
You kill the dream sheep!
The iceblast engulfs the merfolk!
The merfolk is almost dead.
You block the merfolk impaler's attack.
The dream sheep ruffles its wool and motes of dream dust sparkle, to no effect.
Aiming: Iceblast
Press: ? - help, Shift-Dir - straight line, f - merfolk
Aim: a merfolk, wielding a +0 trident and quivering boomerangs (almost dead)
The mass of ice explodes!
The iceblast engulfs the merfolk!
You kill the merfolk!
You hear a splash. x2
The iceblast engulfs the merfolk impaler!
The merfolk impaler is almost dead.
The now-empty wand crumbles to dust.
The merfolk impaler hits you from afar with a +1 trident of distortion!
You block the merfolk impaler's attack.
Unknown command.
You rampage towards the dream sheep!
You enter the shallow water.
Moving in this stuff is going to be slow.
You block the merfolk impaler's attack.
The dream sheep begins to attack, but is stunned by your conviction!
The merfolk impaler hits you but does no damage.
Space bends around you.
The merfolk impaler hits you with a +1 trident of distortion.
Space warps horribly around you!
Items here: ( )) †.
The merfolk impaler hits you with a +1 trident of distortion.
* * * LOW HITPOINT WARNING * * *
You blink.
Splash!
You fall into the shallow water.
Moving in this stuff is going to be slow.
Aiming: Throw Flame
Press: ? - help, Shift-Dir - straight line, f - merfolk impaler
Aim: a merfolk impaler, wielding a +1 trident of distortion and wearing a +2 robe (almost dead, 39% to hit)
The dream sheep shakes its wool and sparkles.
You feel drowsy...
You fall asleep.
The merfolk impaler hits you from afar with a +1 trident of distortion!!!
You die...

≈≈≈≈≈≈≈........≈...≈≈≈≈≈≈≈≈
≈≈≈≈≈≈≈≈≈.......≈≈.≈≈...≈≈≈
≈≈≈≈≈≈≈≈...##...≈≈≈......>
≈..≈≈≈≈≈...###...≈≈..... ≈
....≈.......#...≈≈...##. ≈≈
≈....#†...≈....≈≈≈≈..### ≈≈≈
≈≈≈.##...≈≈...≈≈≈≈≈Y§†.# ..≈≈
≈≈.###.......≈≈≈≈≈m§≈).# ..≈≈≈
≈..# ##..≈.≈≈≈≈≈@≈≈§≈≈.##..≈≈≈≈
≈..####...≈≈≈≈≈≈≈≈≈≈≈≈≈....≈≈≈≈
.....####..≈≈≈≈≈≈≈≈≈≈≈≈..≈≈≈≈≈≈
.....# ##.≈≈≈≈≈≈≈≈≈≈≈..≈≈≈≈≈≈≈
≈....# ##.≈≈≈≈≈≈≈≈≈≈≈≈≈≈≈≈≈≈≈
≈≈...# #.≈≈≈≈≈≈≈≈≈≈≈≈≈≈≈≈≈≈≈
≈≈...# #..≈≈≈≈≈≈≈≈≈≈≈≈≈≈≈≈≈≈≈
≈≈≈...# ..≈≈≈≈≈≈≈≈≈≈≈≈≈≈≈≈≈≈≈≈
≈≈≈≈.... ≈≈≈≈≈≈≈≈≈≈≈≈≈≈≈


You could see a merfolk impaler and a dream sheep.

Vanquished Creatures
  An ironbound preserver (D:14)
  A stone giant (Orc:2)
  Nessos (D:12)
  A minotaur (Gauntlet)
  An ettin (Orc:2)
  6 merfolk impalers
  Josephine (Orc:2)
  A fire dragon (Lair:6)
  A hell beast (Gauntlet)
  2 boulder beetles
  3 centaur warriors
  5 hydras
  2 ogre magi (Orc:2)
  A catoblepas (Shoals:2)
  A death yak (Shoals:2)
  2 tengu warriors
  14 two-headed ogres
  An orc high priest (Orc:2)
  Nergalle (Lair:2)
  2 deep trolls (Orc:2)
  7 sea snakes
  2 orc knights
  2 lindwurms (Lair:6)
  3 harpies (Shoals:1)
  A deep elf pyromancer (D:14)
  11 ugly things
  An orc sorcerer (Orc:1)
  An oklob plant (Lair:5)
  5 fauns
  6 manticores
  3 cyclopes
  11 elephants (Lair:5)
  A molten gargoyle (Volcano)
  7 black mambas
  Maurice (D:10)
  5 torpor snails (Lair:6)
  3 gargoyles
  9 merfolk sirens
  12 cane toads
  Maggie (D:8)
  4 komodo dragons
  An unseen horror (D:12)
  4 rime drakes
  4 kobold demonologists (D:11)
  11 polar bears
  2 tyrant leeches (Lair:6)
  2 raiju (Lair:6)
  3 wind drakes (Shoals:2)
  7 hornets (Lair:6)
  12 trolls
  22 merfolk
  Prince Ribbit (D:8)
  17 slime creatures
  17 blink frogs
  3 snapping turtles
  A meliai zombie (D:10)
  7 dream sheep
  Sigmund (D:3)
  A centaur simulacrum (D:11)
  2 shadows (D:12)
  3 wyverns
  6 wraiths
  46 yaks
  A fire elemental (Volcano)
  Grum (Lair:1)
  A fire bat (shapeshifter) (D:14)
  9 vampire mosquitoes
  5 basilisks
  A steam dragon (Lair:3)
  9 wargs
  13 water moccasins
  4 acid dragons
  13 hell hounds (Lair:6)
  2 sky beasts (D:6)
  20 black bears
  20 orc warriors
  8 ice beasts
  41 wolves
  25 ogres
  14 centaurs
  3 phantoms
  5 kobold brigands
  12 bullfrogs
  A gnoll sergeant (D:6)
  7 scorpions
  2 wyvern skeletons
  6 killer bees (D:9)
  2 howler monkeys (D:10)
  An electric eel (Lair:2)
  A bullfrog zombie (D:5)
  2 centaur zombies
  3 hounds
  6 jellies
  A bullfrog skeleton (D:6)
  16 orc priests
  Jessica (D:3)
  5 iguanas
  16 orc wizards
  A hell rat (Lair:3)
  A killer bee zombie (D:9)
  2 howler monkey zombies
  6 adders
  13 gnolls
  2 river rats (Lair:3)
  An adder skeleton (D:4)
  4 worms
  2 dart slugs
  70 orcs
  8 ball pythons
  11 endoplasms
  8 giant cockroaches
  5 goblins
  5 hobgoblins
  4 jackals (D:1)
  29 kobolds
  4 quokkas
  4 bats
  8 frilled lizards
  17 rats
  A bush (Bazaar)
800 creatures vanquished.

Vanquished Creatures (others)
  3 merfolk javelineers
  A hydra (Lair:6)
  A death yak (Shoals:2)
  A centaur warrior (D:14)
  A tengu warrior (D:14)
  A harpy (Shoals:1)
  A cyclops (D:13)
  2 slime creatures
  A cane toad (Lair:1)
  A tyrant leech (Lair:6)
  A raiju (Lair:6)
  A blink frog (Lair:2)
  A snapping turtle (Shoals:2)
  A yak (D:11)
  A basilisk (Lair:6)
  A warg (Lair:6)
  A hell hound (Lair:6)
  An orc warrior (Orc:1)
  A black bear (Lair:6)
  An ogre (Orc:2)
  A centaur (D:5)
  Crazy Yiuf (D:2)
  A worm (D:3)
  A hobgoblin (D:4)
  22 fungi
  117 plants
  9 toadstools (D:7)
  2 withered plants (Lair:4)
177 creatures vanquished.

Grand Total: 977 creatures vanquished

Notes
Turn   | Place    | Note
-------+----------+-------------------------------------------
     0 | D:1      | razgard the Hill Orc Monk began the quest for the Orb.
     0 | D:1      | Reached XP level 1. HP: 19/19 MP: 1/1
   218 | D:1      | Reached XP level 2. HP: 19/27 MP: 2/2
   339 | D:1      | Found a faded altar of an unknown god.
   409 | D:1      | Became a worshipper of Ru the Awakened
   446 | D:1      | Gained mutation: You cannot train Dodging skill. [Ru
                  | sacrifice]
   446 | D:1      | Reached * piety under Ru
   822 | D:1      | Reached skill level 4 in Fighting
   822 | D:1      | Reached XP level 3. HP: 33/33 MP: 3/3
  1364 | D:2      | Found a shimmering blue altar of Sif Muna.
  1638 | D:2      | Reached skill level 5 in Axes
  1743 | D:2      | Found a runed translucent door.
  1744 | D:2      | Noticed Crazy Yiuf
  1860 | D:2      | Reached XP level 4. HP: 28/40 MP: 4/4
  2861 | D:2      | Killed Crazy Yiuf
  3172 | D:3      | Reached skill level 1 in Armour
  3196 | D:3      | Noticed Sigmund
  3458 | D:3      | Noticed Jessica
  3794 | D:3      | Killed Jessica
  3795 | D:3      | Reached XP level 5. HP: 42/47 MP: 5/5
  3959 | D:3      | Killed Sigmund
  3960 | D:3      | Reached skill level 5 in Fighting
  3960 | D:3      | Reached XP level 6. HP: 55/56 MP: 6/6
  4160 | D:3      | Gained mutation: You cannot study or cast Poison magic. [Ru
                  | sacrifice]
  4160 | D:3      | Gained mutation: You cannot study or cast Hexes magic. [Ru
                  | sacrifice]
  4160 | D:3      | Gained mutation: You cannot study or cast Necromancy magic.
                  | [Ru sacrifice]
  4160 | D:3      | Reached ** piety under Ru
  4472 | D:3      | Reached XP level 7. HP: 49/62 MP: 7/7
  4648 | D:4      | Reached skill level 6 in Fighting
  5064 | D:4      | Found Karghuycu's Distillery.
  5069 | D:4      | Bought a potion of heal wounds for 50 gold pieces
  5069 | D:4      | Bought a potion of degeneration for 10 gold pieces
  5173 | D:5      | Entered Level 5 of the Dungeon
  5318 | D:5      | Reached XP level 8. HP: 65/71 MP: 8/8
  5398 | D:5      | Reached skill level 7 in Fighting
  5447 | D:5      | Reached skill level 5 in Armour
  6314 | D:6      | Identified a scroll of acquirement
  6314 | D:6      | Acquired a +1 pair of gloves of archery
  6774 | D:6      | Reached skill level 8 in Fighting
  6873 | D:6      | Found a staircase to the Ecumenical Temple.
  6888 | D:6      | Reached XP level 9. HP: 47/82 MP: 9/9
  7188 | D:6      | Reached skill level 10 in Axes
  7580 | D:6      | Reached skill level 1 in Shields
  7864 | D:6      | Reached skill level 9 in Fighting
  8695 | D:7      | Killed a large slime creature
  8740 | D:7      | Reached XP level 10. HP: 53/92 MP: 10/10
  9315 | D:8      | Acquired a +0 hat of willpower
  9341 | D:8      | Noticed deifeln's ghost (novice MiBe)
  9342 | D:8      | Found a runed translucent gate.
  9342 | D:8      | Found a runed translucent gate.
  9342 | D:8      | Found a runed translucent gate.
  9468 | D:8      | Reached skill level 10 in Fighting
  9725 | D:8      | Noticed Maggie
  9755 | D:8      | Killed Maggie
 10090 | D:9      | Noticed a green ugly thing
 10111 | D:9      | Noticed Prince Ribbit
 10147 | D:8      | Killed Prince Ribbit
 10418 | D:9      | Reached skill level 5 in Shields
 10450 | D:9      | Found a transporter.
 10581 | D:9      | Found a corrupted altar of Lugonu.
 10581 | D:9      | Found a transporter.
 10582 | D:9      | Noticed a cyan ugly thing
 10893 | D:9      | Found a bloodstained altar of Trog.
 10907 | D:10     | Entered Level 10 of the Dungeon
 10982 | D:10     | Found Guofruuf's Magic Scroll Boutique.
 10987 | D:10     | Bought a scroll of teleportation for 42 gold pieces
 11149 | D:10     | Noticed Maurice
 11160 | D:10     | Found a staircase to the Lair.
 11162 | D:10     | Killed Maurice
 11344 | D:10     | Reached skill level 11 in Fighting
 11344 | D:10     | Reached XP level 11. HP: 86/102 MP: 11/11
 11921 | Lair:1   | Entered Level 1 of the Lair of Beasts
 12720 | Lair:1   | Reached skill level 10 in Armour
 12734 | Lair:1   | Noticed Grum
 13588 | Lair:1   | Killed Grum
 13726 | Lair:1   | Noticed a four-headed hydra
 14105 | D:11     | Gained mutation: You cannot be stealthy. [Ru sacrifice]
 14105 | D:11     | Reached *** piety under Ru
 14220 | D:11     | Noticed a two-headed ogre
 14236 | D:11     | Noticed a soul eater
 14295 | D:11     | Killed a two-headed ogre
 14296 | D:11     | Reached skill level 12 in Fighting
 14804 | D:11     | Noticed a two-headed ogre
 15685 | D:11     | Reached XP level 12. HP: 112/112 MP: 12/12
 16592 | D:12     | Noticed a boulder beetle
 16641 | D:11     | Killed a boulder beetle
 16811 | D:12     | Noticed a two-headed ogre
 16819 | D:12     | Killed a two-headed ogre
 16820 | D:12     | Reached skill level 1 in Bows
 16825 | D:12     | Noticed a boulder beetle
 17221 | D:12     | Found a staircase to the Orcish Mines.
 17852 | D:8      | Killed a four-headed hydra
 18272 | Lair:1   | Found a blossoming altar of Fedhas.
 20068 | Lair:2   | Gained mutation: You occasionally shout uncontrollably at
                  | your foes. [Ru sacrifice]
 20157 | Lair:2   | Acquired a +2 pair of boots of rampaging
 20404 | Lair:2   | Noticed Nergalle
 20435 | Lair:2   | Killed Nergalle
 20436 | Lair:2   | Reached skill level 13 in Fighting
 21137 | Lair:3   | Reached XP level 13. HP: 122/122 MP: 13/13
 21170 | Lair:3   | Found a gate leading to a gauntlet.
 21175 | Gauntlet | Entered a Gauntlet
 21175 | Gauntlet | Found a transporter.
 21180 | Gauntlet | Found a transporter.
 21226 | Gauntlet | Found a transporter.
 21241 | Gauntlet | Found a transporter.
 21242 | Gauntlet | Found a transporter.
 21251 | Gauntlet | Found a transporter.
 21265 | Gauntlet | Found a runed translucent door.
 21267 | Gauntlet | Found a transporter.
 21269 | Gauntlet | Found a runed translucent door.
 21277 | Gauntlet | Found a transporter.
 21287 | Gauntlet | Found a transporter.
 21302 | Gauntlet | Found a transporter.
 21316 | Gauntlet | Found a transporter.
 21317 | Gauntlet | Found a transporter.
 21349 | Gauntlet | Found a runed translucent door.
 21362 | Gauntlet | Found a transporter.
 21396 | Gauntlet | Identified the ring "Luniemow" {rN+ Dex+4 Slay-3}
 21401 | Gauntlet | Noticed a minotaur
 21454 | Gauntlet | Killed a minotaur
 21488 | Gauntlet | Identified Rathri's Almanac of Fascination
 21498 | Gauntlet | Identified the +1 robe of the Depths {rPois rF+ rN+}
 21502 | Gauntlet | Identified the Volume of the Valley of Death
 22054 | Lair:2   | Reached skill level 10 in Shields
 22285 | Lair:3   | Reached skill level 1 in Throwing
 22316 | Lair:3   | Found a hole to the Spider Nest.
 22409 | Lair:3   | Gained mutation: Your magical capacity is low. (-10% MP)
                  | [Ru sacrifice]
 23039 | Lair:4   | Found a staircase to the Shoals.
 23059 | Lair:4   | Reached skill level 5 in Bows
 23417 | Lair:4   | Found an iron altar of Okawaru.
 23789 | Lair:4   | Found a runed translucent door.
 23789 | Lair:4   | Noticed Goemiynn's ghost (journeyman OgTm)
 24142 | Lair:5   | Found a frozen archway.
 24215 | Lair:5   | Reached skill level 14 in Fighting
 24221 | IceCv    | Entered an ice cave
 24249 | IceCv    | Found a transporter.
 24270 | IceCv    | Found a transporter.
 24817 | Lair:5   | Found a staircase to the Slime Pits.
 24990 | Lair:5   | Reached XP level 14. HP: 132/132 MP: 12/12
 25983 | Lair:6   | Entered Level 6 of the Lair of Beasts
 26969 | Lair:6   | Found a transporter.
 27003 | Lair:6   | Found a transporter.
 27180 | Lair:6   | Noticed freelancePsychic's ghost (journeyman DsAr)
 27351 | Lair:6   | Found a runed translucent door.
 27673 | Lair:6   | Paralysed by a hornet for 3 turns
 27749 | Lair:6   | Gained mutation: You are hated by all. [Ru sacrifice]
 27749 | Lair:6   | Reached **** piety under Ru
 27749 | Lair:6   | Reached ***** piety under Ru
 27827 | Lair:6   | Reached skill level 5 in Throwing
 28659 | Lair:6   | Reached skill level 15 in Fighting
 29836 | D:12     | Identified the +3 leather armour of the Tundras {*Corrode
                  | Str+6 Int+5}
 30172 | D:12     | Reached XP level 15. HP: 141/141 MP: 13/13
 30226 | D:12     | Noticed Nessos
 30253 | D:12     | Killed Nessos
 31390 | Orc:1    | Entered Level 1 of the Orcish Mines
 31462 | Orc:1    | Found a dark tunnel.
 31478 | Volcano  | Entered a volcano
 32048 | Orc:1    | You fall into a shaft and drop 1 floor!
 32048 | Orc:2    | Entered Level 2 of the Orcish Mines
 32092 | Orc:2    | Found a staircase to the Elven Halls.
 32857 | Orc:2    | Noticed Josephine
 32902 | Orc:2    | Killed Josephine
 32981 | Orc:2    | Found Pethretia's Armour Emporium.
 32997 | Orc:2    | Found Fueru's Jewellery Emporium.
 33006 | Orc:2    | Found Anuah's Weapon Boutique.
 33045 | Orc:2    | Found Jatsap's Distillery.
 33075 | Orc:2    | Bought a potion of curing for 45 gold pieces
 33075 | Orc:2    | Bought a potion of curing for 45 gold pieces
 33075 | Orc:2    | Bought 3 potions of curing for 135 gold pieces
 34066 | Orc:2    | Bought a potion of cancellation for 120 gold pieces
 34066 | Orc:2    | Bought a potion of ambrosia for 120 gold pieces
 34066 | Orc:2    | Bought 2 potions of haste for 300 gold pieces
 34253 | D:14     | Reached skill level 16 in Fighting
 34359 | D:14     | Found a sacrificial altar of Ru.
 34536 | D:14     | Found a gateway to a bazaar.
 34554 | Bazaar   | Entered a bazaar
 34554 | Bazaar   | Found Ybeboh's Antique Weapon Boutique.
 34554 | Bazaar   | Found Potier's General Store.
 34554 | Bazaar   | Found Deteifi's Jewellery Boutique.
 34554 | Bazaar   | Found Seqaeklyn's Antique Weapon Shop.
 34554 | Bazaar   | Found Fobim's Weapon Boutique.
 34597 | Bazaar   | Bought the amulet "Fiuckal" {Reflect rPois SH+5} for 453
                  | gold pieces
 34620 | Bazaar   | Bought a scroll of identify for 20 gold pieces
 34620 | Bazaar   | Bought a potion of heal wounds for 50 gold pieces
 34620 | Bazaar   | Bought a scroll of identify for 20 gold pieces
 34631 | Bazaar   | Bought a +4 ring of protection for 396 gold pieces
 35148 | D:14     | Reached XP level 16. HP: 151/151 MP: 14/14
 35464 | D:14     | Found a gate to the Vaults.
 35949 | Shoals:1 | Entered Level 1 of the Shoals
 35949 | Shoals:1 | Found a transporter.
 35949 | Shoals:1 | Noticed freelancePsychic's ghost (adept GrFE)
 36180 | Shoals:1 | Found a transporter.
 37483 | Shoals:2 | Noticed Polyphemus
 37577 | Shoals:2 | Reached skill level 15 in Armour
 40483 | Shoals:3 | Acquired 215 gold pieces
 40607 | Shoals:3 | Mangled by a merfolk impaler

Illustrated notes

Levels and vault maps discovered:
D:1:      dpeg_arrival_concentric_ovals, layout_loops_corners,
          basic_ecumenical_altar, hangedman_decor_growths, chequers_big_river,
          minmay_tetromino_t4
D:2:      layout_loops_corners, basic_altar, kennysheep_generic_room_16,
          uniq_crazy_yiuf_cottage
D:3:      layout_rooms, serial_forest, infiniplex_forest_lined_3_way,
          infiniplex_forest_clump_curved, infiniplex_forest_clump_small,
          infiniplex_forest_clump_cross, infiniplex_forest_clump_double,
          infiniplex_forest_clump_medium, infiniplex_forest_clump_C,
          uniq_sigmund, uniq_jessica
D:4:      layout_cave_pools, serial_shops, shop
D:5:      layout_basic
D:6:      layout_basic, minmay_temple_entry_mist
D:7:      cheibrodos_fertilizer, layout_rooms, chequers_serial_rivers_marsh
D:8:      layout_loops_ring, gammafunk_ghost_split, uniq_maggie
D:9:      gammafunk_corrupted_shrine, layout_cave_pools, kennysheep_mini_moat,
          uniq_prince_ribbit1
D:10:     layout_loops_ring, lair_entry_dummy, serial_shops, shop,
          kennysheep_dice, uniq_maurice
D:11:     layout_stronghold
D:12:     layout_gridville, david_orc_3, kennysheep_generic_room_4, uniq_nessos
D:13:     layout_long_grid
D:14:     layout_basic, skrybe_vaults_entry_preservation, serial_shops,
          bzr_entry_gold, nicolae_ru_awakened_eye, kennysheep_generic_room_7
Lair:1:   layout_chaotic_city, basic_altar, uniq_grum
Lair:2:   layout_chaotic_city, chequers_serial_rivers_room_a, minivault_27,
          beast_lair_carwin_4, grunt_megastairs_4, serial_bayou_shore_a,
          uniq_nergalle
Lair:3:   layout_regular_city, nicolae_spider_entry_non_spiders,
          gauntlet_entry_generic, chequers_serial_rivers_micro_e,
          chequers_serial_rivers_marsh, kennysheep_abandoned_house
Lair:4:   layout_regular_city, minmay_shoals_entry_centaurs,
          gammafunk_ghost_grave, basic_altar
Lair:5:   layout_loops_ring, minmay_slime_entry_oklob_enclosed,
          portal_ice_cave_entry_pillars_2, forest_entry_grove
Lair:6:   wormcave, layout_hall_layers, hangedman_lair_caniforms_friends,
          gammafunk_ghost_abyssal_escape
Shoals:1: layout_shoals, gammafunk_ghost_berserking_beasts,
          nicolae_shoals_land_atoll, nicolae_shoals_loop_pool
Shoals:2: layout_shoals, uniq_polyphemus
Shoals:3: layout_shoals
Orc:1:    nicolae_orc_accident_1, layout_caves, nicolae_volcano_entry_two_sided,
          nicolae_orc_stony_grotto
Orc:2:    st_orc_open, layout_diamond_mine, uniq_josephine

Skill      XL: |  1  2  3  4  5  6  7  8  9 10 11 12 13 14 15 16 |
---------------+-------------------------------------------------+-----
Dodging        | 0 |  0.0
Fighting       | 4 5 6 8 9 11 12 13 14 15 16 | 16.8
Axes           | 5 6 7 8 9 10 12 13 14 | 14.2
Armour         | 1 2 3 4 6 7 9 10 11 12 13 14 15 | 15.2
Shields        | 3 6 8 9 10 12 13 | 13.8
Stealth        | 0 |  0.0
Bows           | 3 6 8 9 |  9.4
Throwing       | 3 6 7 8 |  8.9

Action                   |  1- 3 |  4- 6 |  7- 9 | 10-12 | 13-15 | 16-18 || total
-------------------------+-------+-------+-------+-------+-------+-------++-------
Melee: Hand axe          |   104 |   169 |   444 |   956 |  2412 |  1048 ||  5133
 Fire: Shortbow          |       |       |       |    54 |       |       ||    54
Throw: Javelin           |       |       |       |       |    40 |    20 ||    60
       Boomerang         |       |       |       |       |     5 |    18 ||    23
       Throwing net      |       |       |       |       |     1 |       ||     1
       Dart              |       |       |       |       |     1 |       ||     1
Invok: Sacrifice Nimblen |     1 |       |       |       |       |       ||     1
       Sacrifice Arcana  |       |     1 |       |       |       |       ||     1
       Reject Sacrifices |       |       |     1 |       |     1 |     1 ||     3
       Sacrifice Stealth |       |       |       |     1 |       |       ||     1
       Draw Out Power    |       |       |       |     2 |     2 |     1 ||     5
       Sacrifice Purity  |       |       |       |     1 |       |       ||     1
       Sacrifice Essence |       |       |       |       |     1 |       ||     1
       Power Leap        |       |       |       |       |     2 |       ||     2
       Sacrifice Love    |       |       |       |       |     1 |       ||     1
Evoke: Wand              |       |    11 |     2 |    37 |    11 |    11 ||    72
       Lightning rod     |       |       |       |     8 |    11 |     1 ||    20
       Tin of tremorston |       |       |       |       |       |     1 ||     1
  Use: Potion            |       |     4 |       |     1 |     5 |       ||    10
       Scroll            |       |     2 |    12 |     8 |    12 |     2 ||    36
 Stab: Sleeping          |     2 |       |       |       |       |       ||     2
       Distracted        |       |     1 |     4 |     3 |    10 |     3 ||    21
       Invisible         |       |     2 |     1 |     5 |    34 |    14 ||    56
       Paralysed         |       |       |     6 |     8 |     4 |       ||    18
       Petrified         |       |       |       |       |       |    27 ||    27
Armor: Robe              |    34 |       |       |       |       |       ||    34
       Chain mail        |    16 |   110 |   240 |    26 |   604 |   253 ||  1249
       Skin              |       |     4 |       |       |       |       ||     4
       Swamp dragon scal |       |       |       |   418 |   296 |       ||   714
Dodge: Dodged            |    64 |    44 |    85 |   421 |   883 |   148 ||  1645
Block: Kite shield       |       |       |    36 |   465 |  1387 |   645 ||  2533
       Reflection        |       |       |       |       |       |    44 ||    44

Table legend: (Time is in decaauts)
 A = Elapsed time spent in this place.
 B = Non-inter-level travel time spent in this place.
 C = Inter-level travel time spent in this place.
 D = Time resting spent in this place.
 E = Time spent auto-exploring this place.
 F = Levels seen in this place.
 G = Mean time per level.
                   A        B        C        D        E       F      G
               +--------+--------+--------+--------+--------+-----+--------+
         Total |  39574 |  37105 |   2469 |  11850 |  16205 |  29 | 1364.6 |
       Dungeon |  21346 |  19822 |   1524 |   6177 |   9891 |  14 | 1524.7 |
          Lair |  10725 |  10045 |    680 |   3476 |   3993 |   6 | 1787.5 |
        Shoals |   4559 |   4480 |     79 |   2116 |   1112 |   3 | 1519.7 |
  Orcish Mines |   2279 |   2094 |    185 |     36 |   1204 |   2 | 1139.5 |
        Bazaar |     80 |     80 |      0 |      0 |      0 |   1 |   80.0 |
      Ice Cave |     47 |     47 |      0 |      0 |      0 |   1 |   47.0 |
       Volcano |    227 |    227 |      0 |      0 |      5 |   1 |  227.0 |
      Gauntlet |    308 |    308 |      0 |     45 |      0 |   1 |  308.0 |
               +--------+--------+--------+--------+--------+-----+--------+

Top non-repeatable levels by time:
    D:10: 3680 daAuts
  Lair:6: 2736 daAuts
Shoals:2: 2435 daAuts
     D:2: 2376 daAuts
    D:11: 2112 daAuts
  Lair:1: 2049 daAuts
  Lair:2: 2042 daAuts
     D:6: 1888 daAuts
  Lair:5: 1775 daAuts
     D:8: 1490 daAuts
    D:12: 1468 daAuts
Shoals:1: 1397 daAuts
    D:14: 1374 daAuts
     D:1: 1337 daAuts
     D:7: 1286 daAuts
